Map: 백워터 - 래더

Players

MaNa - Winner!

  • Race: Protoss Protoss
  • Spawn Location: 11:00

Trust

  • Race: Protoss Protoss
  • Spawn Location: 5:00

Event: IEM Season 12 - Katowice

VOD

Have the link to the VOD?

Description

Time

  • Played on: Feb. 26, 2018, 10:47 a.m.
  • Length: 5:29

All games in this series

Show
View Real Time Build Order
Export as new Build Order

MaNa Protoss - Winner!

Build Orders:  

Get SALT Encoding   

  12  0:00  Probe  
  13  0:12  Probe  
  14  0:18  Pylon  
  14  0:25  Probe (Chrono Boost)  
  15  0:37  Probe (Chrono Boost)  
  15  0:38  Gateway  
  16  0:45  Probe (Chrono Boost)  
  16  0:47  Assimilator  
  17  0:51  Probe (Chrono Boost)  
  17  0:55  Assimilator  
  18  1:03  Probe (Chrono Boost)  
  19  1:08  Gateway  
  20  1:11  Probe (Chrono Boost)  
  20  1:18  Probe  
  20  1:25  Cybernetics Core  
  21  1:30  Probe  
  22  1:35  Pylon  
  22  1:42  Probe  
  23  1:56  Probe  
  23  1:59  Warp Gate (Chrono Boost)  
  24  2:01  Stalker  
  24  2:02  Stalker  
  28  2:09  Pylon  
  28  2:21  Robotics Facility  
  28  2:32  Stalker  
  30  2:37  Stalker  
  32  2:48  Gateway  
  32  3:05  Stalker  
  32  3:07  Stalker  
  33  3:25  Warp Prism (Chrono Boost)  
  30  3:31  Probe  
  33  3:45  Pylon  
  33  3:57  Stalker x2  
  33  4:02  Stalker  
  39  4:11  Shield Battery  
  39  4:20  Stalker  
  41  4:28  Stalker  
  36  4:50  Stalker  
  38  5:10  Zealot  
  38  5:11  Zealot  
  42  5:20  Zealot  
Show
View Real Time Build Order
Export as new Build Order

Trust Protoss 

Build Orders: Oracle Opening 

Get SALT Encoding   

  12  0:00  Probe  
  13  0:12  Probe  
  14  0:16  Pylon  
  14  0:24  Probe (Chrono Boost)  
  15  0:37  Probe (Chrono Boost)  
  15  0:39  Gateway  
  16  0:44  Probe (Chrono Boost)  
  16  0:45  Assimilator  
  17  0:51  Probe (Chrono Boost)  
  17  0:54  Assimilator  
  18  1:03  Probe (Chrono Boost)  
  19  1:08  Gateway  
  19  1:11  Probe (Chrono Boost)  
  20  1:17  Probe  
  21  1:27  Cybernetics Core  
  21  1:29  Probe  
  22  1:35  Pylon  
  22  1:41  Probe  
  22  1:46  Pylon  
  23  1:53  Probe  
  24  2:04  Stargate  
  24  2:10  Adept  
  24  2:14  Adept  
  28  2:17  Warp Gate  
  28  2:23  Pylon  
  28  2:43  Stalker x2  
  32  2:58  Twilight Council  
  32  3:15  Pylon  
  28  3:31  Oracle (Chrono Boost), Gateway  
  28  3:38  Stalker x2  
  35  3:57  Nexus  
  35  4:06  Probe  
  36  4:19  Pylon  
  36  4:25  Shield Battery  
  36  4:39  Stalker x2  
  36  4:41  Sentry  
  39  4:47  Pylon  
  39  4:59  Shield Battery  
  39  5:04  Shield Battery  
  35  5:07  Stalker  
  35  5:12  Zealot  

Tags
 
Add a new tag
Caveats
  • Supply blocks, unpowered buildings, or Contaminate may cause inaccurate times.
  • Supply counts are checked every 10 seconds.